 Dungeon Crawl Stone Soup version 0.29.1-13-g9f3cf754e1 (webtiles) character file.

Game seed: 13577625678697473941

68 javelincjr the Magician (level 4, -1/31 HPs)
             Began as a Djinni Hedge Wizard on Feb 7, 2023.
             Slain by a goblin
             ... wielding a +0 dagger
             ... led by Robin
              (3 damage)
             ... on level 2 of the Dungeon.
             The game lasted 00:10:10 (2310 turns).

javelincjr the Magician (Djinni Hedge Wizard)       Turns: 2310, Time: 00:10:11

Health: -1/31      AC:  2    Str:  9    XL:     4   Next: 41%
Gold:   52         EV: 12    Int: 18    God:
                   SH:  0    Dex: 12

rFire   + + .      SeeInvis .   a - +0 dagger
rCold   x . .      Faith    .   (no shield)
rNeg    . . .      Spirit   .   b - +0 robe
rPois   ∞          Reflect  .   c - +0 hat
rElec   .          Harm     .   (no cloak)
rCorr   .          Rampage  .   (no gloves)
Will    .....                   (boots unavailable)
Stlth   ++........              (no amulet)
HPRegen 0.10/turn               (no ring)
MPRegen 0.00/turn               (no ring)

@: on blink cooldown, flying
A: sickness immunity, fire resistance 2, cold vulnerability 1, float, innate
caster, HP casting, extra vitality 1
a: no special abilities


You were on level 2 of the Dungeon.
You visited 1 branch of the dungeon, and saw 2 of its levels.

You collected 52 gold pieces.

Inventory:

Hand Weapons
 a - a +0 dagger (weapon)
Missiles
 h - 9 stones
Armour
 b - a +0 robe (worn)
 c - a +0 hat (worn)
Scrolls
 d - a scroll of magic mapping {unknown}
 e - 6 scrolls of identify {unknown}
 f - a scroll of poison {unknown}
 g - a scroll of fear {unknown}
 k - a scroll of vulnerability {unknown}
Potions
 l - 2 potions of curing {unknown}


   Skills:
 + Level 2.4 Dodging
 + Level 1.9 Stealth
 + Level 3.6 Spellcasting


You couldn't memorise any spells.
You knew the following spells:

 Your Spells              Type           Power      Damage    Failure   Level
a - Magic Dart            Conj           64%        1d6       3%          1
b - Blink                 Tloc           32%        N/A       5%          2
c - Call Imp              Summ           16%        N/A       5%          2
d - Slow                  Hex            64%        N/A       3%          1
e - Conjure Flame         Conj/Fire      16%        6-21      11%         3
f - Mephitic Cloud        Conj/Pois/Air  16%        N/A       11%         3
g - Summon Small Mammal   Summ           64%        N/A       3%          1
Your spell library was empty.

Dungeon Overview and Level Annotations

Branches:
Dungeon (2/15)

Altars:

Shops:
D:1 !

Annotations:
D:2 Robin


Innate Abilities, Weirdness & Mutations

You are immune to sickness and miasma.
You are immune to poison.
Your flesh is very heat resistant. (rF++)
You are vulnerable to cold. (rC-)
You float through the air rather than walking.
You learn spells naturally, not from books.
Your magical power is your life essence.
You have superior vitality. (+4 MHP)


Message History

A beastly little devil appears in a puff of frigid air.
* * * LOW HITPOINT WARNING * * *
The gnoll hits your white imp with a +0 club.
Your white imp barely misses the gnoll.
The gnoll misses your white imp.
Your white imp hits the gnoll but does no damage.
You start resting.
A gnoll is nearby!
A kobold comes into view. It is wielding a +0 short sword.
A goblin comes into view. It is wielding a +0 dagger.
The gnoll hits your white imp with a +0 club.
Your white imp hits the gnoll.
Your white imp freezes the gnoll.
Casting: Call Imp (safe; 5% risk of failure)
Confirm with . or Enter, or press ? or * to list all spells.
The spell is quite dangerous to miscast (11% risk of failure)!
Continue anyway? [Y]es or [N]o only, please.
The spell is quite dangerous to miscast (11% risk of failure)!
Continue anyway?
Okay, then.
The kobold shouts!
The kobold throws a stone.
The stone closely misses you.
Your white imp hits the gnoll.
Your white imp freezes the gnoll.
The gnoll dies!
A goblin comes into view. It is wielding a +0 dagger.
Your white imp completely misses the gnoll.
Casting: Mephitic Cloud (quite dangerous; 11% risk of failure)
Confirm with . or Enter, or press ? or * to list all spells.
You blink.
The goblin shouts! x2; The hobgoblin shouts!
The goblin shouts!
The hobgoblin shouts!
The goblin shouts!
* * * LOW HITPOINT WARNING * * *
Robin hits you from afar with a +0 trident.
* * * LOW HITPOINT WARNING * * *
The goblin barely misses you. The goblin attacks as you move away!
The goblin misses you.
The goblin closely misses you. x2; The hobgoblin hits you.
* * * LOW HITPOINT WARNING * * *
The goblin attacks as you move away! The goblin barely misses you.
The hobgoblin barely misses you. The goblin attacks as you move away!
The goblin hits you with a +0 dagger.
You die...

# .# #.# .. ..##.# #g#
..##.#..# #5# #.##.#..# #.#
#.#.....# #.#
#.#..#g########.#
#.#...g.........#
#####)..gggg.K.####.#
###........@g###.# #.#
.........#.#####.#######
###.####<#...#.........#
#.# #.###.###.###.###
#####.## #.# #...#.# #
##......# #.# ###.#.###.#
###...##..# #.# #........#
......##..###.#############
##....##..............#..


You could see Robin, 2 hobgoblins, 4 goblins and a kobold.

Vanquished Creatures
  An adder (D:1)
  A dart slug (D:1)
  5 endoplasms (D:1)
  A giant cockroach (D:1)
  6 goblins
  6 hobgoblins
  2 kobolds (D:1)
  3 ball pythons
  A bat (D:2)
  3 frilled lizards
  5 rats
34 creatures vanquished.

Vanquished Creatures (collateral kills)
  2 gnolls (D:2)
2 creatures vanquished.

Grand Total: 36 creatures vanquished

Notes
Turn   | Place    | Note
-------+----------+-------------------------------------------
     0 | D:1      | javelincjr the Djinni Hedge Wizard began the quest for the
                  | Orb.
     0 | D:1      | javelincjr set off with the following spells memorised:
                  | Magic Dart, Blink, Call Imp, Slow, Conjure Flame, Mephitic
                  | Cloud.
     0 | D:1      | Reached XP level 1. HP: 15/15 MP: 0/0
   463 | D:1      | Reached XP level 2. HP: 18/21 MP: 0/0
   836 | D:1      | Found a faded altar of an unknown god.
   914 | D:1      | Reached skill level 3 in Spellcasting
   996 | D:1      | Reached XP level 3. HP: 18/25 MP: 0/0
   996 | D:1      | Learned a level 1 spell: Summon Small Mammal
  1193 | D:1      | Found Uxuehowk's Distillery.
  1413 | D:2      | Noticed Robin
  2142 | D:2      | Reached XP level 4. HP: 29/31 MP: 0/0
  2310 | D:2      | Slain by a goblin

Illustrated notes

Levels and vault maps discovered:
D:1:      evilmike_arrival_rings, layout_basic, basic_ecumenical_altar,
          serial_shops, nicolae_lakefront_shop
D:2:      layout_basic, serial_park_tiny_pond, uniq_robin, uniq_sigmund

Skill      XL: |  1  2 |
---------------+-------+-----
Spellcasting   | 3 |  3.6
Dodging        | |  2.4
Stealth        | |  1.9

Action                   |  1- 3 |  4- 6 || total
-------------------------+-------+-------++-------
Melee: Dagger            |    13 |     2 ||    15
       Punch             |     1 |       ||     1
 Cast: Magic Dart        |    74 |     3 ||    77
       Slow              |     1 |       ||     1
       Call Imp          |       |     5 ||     5
       Mephitic Cloud    |       |     2 ||     2
       Conjure Flame     |       |     1 ||     1
       Blink             |       |     1 ||     1
  Use: Potion            |     2 |       ||     2
Armor: Robe              |     5 |       ||     5
       Skin              |     5 |       ||     5
Dodge: Dodged            |    13 |     8 ||    21
